AoeStats
← ryu

Northern Isles

510706386Analyzed
1v1 RM · 2d ago on Oct 2, 2026· 36m 50s· 2 players
Game mode
Random Map
Map size
Tiny (2 player)
Population
200
Speed
Normal
Resources
Standard
Victory
Conquest
Starting age
Dark Age
Ending age
Imperial Age
RankedLock teamsTeams togetherTeam positionsShared explorationLock speedFull tech treeHidden civsTurbo modeCheats
Victory
Defeat
🇦🇺 Koreans · Australia
1290
+18
🇺🇸 Japanese · United States
1328
-18
earlitepainters
9:09 Loom
10:56 Feudal Age
15:50 Castle Age
14:41 Fletching
14:38 Double-Bit Axe
16:47 Medium Warships
17:33 Bodkin Arrow
26:38 Heated Shot
27:13 Eupseong
28:02 Wheelbarrow
28:04 Ballistics
28:05 Careening
28:30 Clinker Construction
34:16 Imperial Age
32:47 Hand Cart
34:59 Bracer
36:18 Chemistry
35:04 Arrowslits
ryu
10:42 Feudal Age
11:26 Double-Bit Axe
14:14 Town Watch
14:39 Loom
15:30 Wheelbarrow
18:44 Castle Age
17:46 Fletching
19:38 Medium Warships
19:57 Bodkin Arrow
23:29 Bow Saw
26:52 Imperial Age
27:51 Ballistics
28:59 Bracer
29:27 Heavy Warships
31:41 Chemistry
33:49 Two-Man Saw
32:42 Elite Cannon Galleon
Connection lost

Rejoining the realm…

Still unreachable

The connection could not be restored.

Session expired

The server has moved on; the page needs a fresh start.